 Dungeon Crawl Stone Soup version 0.18-a0-1507-g69458e0 (webtiles) character file.

424 Ultranoob the Slasher (level 6, -4/44 HPs)
             Began as a High Elf Gladiator on Mar 5, 2016.
             Was a Follower of Makhleb.
             Slain by an orc
             ... wielding a +0 flail
              (7 damage)
             ... on level 5 of the Dungeon.
             The game lasted 00:13:53 (4730 turns).

Ultranoob the Slasher (High Elf Gladiator)          Turns: 4730, Time: 00:13:53

Health: -4/44      AC:  9    Str: 15    XL:     6   Next: 64%
Magic:  7/7        EV: 15    Int: 12    God:    Makhleb [*.....]
Gold:   133        SH:  0    Dex: 17    Spells: 0 memorised, 5 levels left

rFire  . . .     SeeInvis +     a - +1 long sword
rCold  . . .     Gourm    .     v - +3 ring mail
rNeg   . . .     Faith    .     (no shield)
rPois  .         Spirit   .     c - +0 helmet
rElec  .         Dismiss  .     (no cloak)
rCorr  .         Reflect  .     (no gloves)
SustAt .         Harm     .     (no boots)
MR     .....                    (no amulet)
Stlth  +.........               u - +3 ring of evasion
                                n - ring of see invisible

@: hasted, very quick, not resistant to hostile enchantments, very unstealthy
A: no striking features
a: Renounce Religion


You were on level 5 of the Dungeon.
You worshipped Makhleb.
Makhleb was aware of your devotion.
You were not hungry.

You visited 1 branch of the dungeon, and saw 5 of its levels.

You collected 133 gold pieces.

Inventory:

Hand Weapons
 a - a +1 long sword (weapon)
Missiles
 d - 3 throwing nets (quivered)
Armour
 c - a +0 helmet (worn)
 v - a +3 ring mail (worn)
Jewellery
 n - a ring of see invisible (left hand)
 u - a +3 ring of evasion (right hand)
 w - an uncursed ring of fire
Wands
 A - a wand of confusion (23/48)
Scrolls
 b - a scroll of enchant armour {unknown}
 j - a scroll of teleportation
 l - 2 scrolls of random uselessness
 s - 2 scrolls of remove curse
Potions
 g - a potion of cancellation
 h - a potion of brilliance
 i - a potion of degeneration {unknown}
 o - a potion of cure mutation {unknown}
 p - 3 potions of mutation
 r - a potion of agility {unknown}
 t - a potion of resistance
Comestibles
 f - 6 bread rations
 k - 2 meat rations
 m - a beef jerky
 q - a royal jelly


   Skills:
 + Level 4.5 Fighting
 + Level 7.6 Long Blades
 - Level 2.0 Throwing
 - Level 3.2 Dodging


You had 5 spell levels left.
You didn't know any spells.

Dungeon Overview and Level Annotations

Branches:
Dungeon (5/15)             Temple (0/1) D:4

Altars:
Makhleb
Nemelex Xobeh
The Shining One


Message History

The orc is moderately wounded.
The orc misses you.
You slash the orc!
You kill the orc!
Makhleb accepts your kill.
You closely miss the orc. The orc hits you with a club.
You hit the orc.
The orc is almost dead.
The orc priest mumbles some strange prayers to Beogh against you.
Beogh smites you!
* * * LOW HITPOINT WARNING * * *
The orc misses you.
You hit the orc.
You kill the orc!
Makhleb accepts your kill.
You closely miss the orc. The orc hits you with a flail!
* * * LOW HITPOINT WARNING * * *
Drink which item? (? for menu, Esc to quit)
You feel yourself speed up. The orc hits you with a flail!
You die...

#.............,,,* **,*
#.((..#....(.#*,,** ***
##.(###......#**,,*
#.o.(.....#,****,**
##.##)..####,,* **,****
#†.####.## **,## *,,*,*
##.## #.o# *#.##**,..**
##..# ##o# #..# *..,,*
#...## #@# ###..###.****
###..### #.###.....#.#*
###.....###..........## *##
#...####..............###.#
##...# ##.###.........#..#*
#....## #..# #..###......##
##.....###.## #..#
##......#* #..###..#..#
#.## #...###.# ##.##
##..<## ##.# #>..# ***


You could see an orc priest and an orc.

Vanquished Creatures
  A phantom (D:5)
  A scorpion (D:5)
  A centaur skeleton (D:5)
  A hound (D:4)
  An iguana (D:5)
  A worker ant (D:4)
  6 adders
  An ooze (D:3)
  A dart slug (D:1)
  2 giant geckos
  16 orcs
  A ball python (D:2)
  4 giant cockroaches
  8 goblins
  15 hobgoblins
  3 jackals (D:1)
  A quokka (D:2)
  A ball python skeleton (D:4)
  16 bats
  6 giant newts
  9 kobolds
  8 rats
104 creatures vanquished.

Notes
Turn   | Place    | Note
--------------------------------------------------------------
     0 | D:1      | Ultranoob the High Elf Gladiator began the quest for the Orb.
     0 | D:1      | Reached XP level 1. HP: 14/14 MP: 2/2
   178 | D:1      | Reached skill level 4 in Long Blades
   193 | D:1      | Reached XP level 2. HP: 14/19 MP: 3/3
   736 | D:2      | Reached skill level 5 in Long Blades
   736 | D:2      | Reached XP level 3. HP: 21/24 MP: 4/4
  1391 | D:2      | Found a burning altar of Makhleb.
  1400 | D:2      | Reached XP level 4. HP: 29/29 MP: 5/5
  1936 | D:2      | Reached skill level 6 in Long Blades
  3311 | D:4      | Reached XP level 5. HP: 31/36 MP: 6/6
  3419 | D:4      | Found a sparkling altar of Nemelex Xobeh.
  3452 | D:4      | Found a burning altar of Makhleb.
  3465 | D:4      | Became a worshipper of Makhleb the Destroyer
  3522 | D:4      | Found a staircase to the Ecumenical Temple.
  3727 | D:4      | Reached * piety under Makhleb
  4028 | D:4      | Found a glowing golden altar of the Shining One.
  4260 | D:5      | Entered Level 5 of the Dungeon
  4309 | D:5      | Reached skill level 7 in Long Blades
  4331 | D:5      | Noticed a phantom
  4371 | D:5      | Reached XP level 6. HP: 15/43 MP: 7/7
  4730 | D:5      | Slain by an orc

Vault maps used:
D:1:      dpeg_arrival_tiny_d
D:2:      bloody_makhleb
D:3:      minmay_misc_feat_enclosed
D:4:      nemelex_xobeh_ov_fountains_minmay, lemuel_doored_altar,
          nicolae_tso_swordbearing_angel, temple_fountains, first_bread,
          roderic_batcave
D:5:      lightli_temple_of_fire, lemuel_coloured_pillars_altar,
          portal_sewer_entry_d, grunt_decor_one_mirror, uniq_grinder

Skill      XL: |  1  2  3  4  5 |
---------------+----------------+-----
Long Blades    | 4 5 6 7 |  7.6
Fighting       | 3 4 |  4.5
Throwing       | |  2.0
Dodging        | |  3.2

Action                   |  1- 3 |  4- 6 || total
-------------------------+-------+-------++-------
Melee: Long sword        |   106 |   208 ||   314
  Use: Potion            |     1 |     2 ||     3
       Scroll            |       |    12 ||    12
 Stab: Sleeping          |     1 |     4 ||     5
  Eat: Chunk             |     1 |    11 ||    12
